General information
			
			
        
        - name: BNet
 
        - type: Ladder 1vs1/FFA
 
        - host: Battle.net
 
        - saver: hetchjay
 
        
map: TerenasStand 
        - players: 2
 
        - length: 287:11
 
        - speed: Fast
 - version: 1.22 W3XP
 - replay type:  Public
 
» download(688 KB)
Players
        team 1 (winner) 
              
              
hetchjay (
pink | 66 APM | 19047 actions | 287:11)
              
 7 Archmage 
 3 Blizzard
 3 Brilliance Aura
 1 Mass Teleport
 7 Goblin Alchemist 
 3 Healing Spray
 3 Chemical Rage
 1 Transmute
 
                » actions 
                
                | Assign group hotkey | 111 |  | 
| Basic commands | 84 |  | 
| Build / train | 160 |  | 
| ESC pressed | 5 |  | 
| Enter build submenu | 89 |  | 
| Enter hero's abilities submenu | 14 |  | 
| Give item / drop item | 11 |  | 
| Right click | 12218 |  | 
| Select / deselect | 2029 |  | 
| Select group hotkey | 3604 |  | 
| Use ability | 719 |  | 
                19047 total
 » units 
                
                | Peasant | 17 |  | 
| Footman | 5 |  | 
| Goblin Shredder | 1 |  | 
| Goblin Zeppelin | 2 |  | 
| Goblin Sapper | 3 |  | 
| Dragonhawk Rider | 19 |  | 
| Gryphon Rider | 9 |  | 
| Mortar Team | 11 |  | 
| Sorceress | 2 |  | 
                69 total
 » upgrades
                
                | Lumber Harvesting | 1 |  | 
| Swords | 3 |  | 
| Plating | 3 |  | 
| Storm Hammers | 1 |  | 
| Magic Sentry | 1 |  | 
| Fragmentation Shards | 1 |  | 
| Sorceress Training | 1 |  | 
                11 total
 » buildings
                
                | Altar of Kings | 3 |  | 
| Farm | 12 |  | 
| Barracks | 2 |  | 
| Lumber Mill | 3 |  | 
| Scout Tower | 77 |  | 
| Guard Tower | 50 |  | 
| Keep | 6 |  | 
| Arcane Vault | 2 |  | 
| Town Hall | 2 |  | 
| Castle | 2 |  | 
| Gryphon Aviary | 4 |  | 
| Blacksmith | 3 |  | 
| Arcane Sanctum | 2 |  | 
| Workshop | 2 |  | 
                170 total
 » build order
                00:19 Altar of Kings
00:36 Farm
00:49 Barracks
01:47 Lumber Mill
01:51 Farm
02:02 Scout Tower
02:04 Scout Tower
02:06 Scout Tower
02:07 Scout Tower
02:09 Scout Tower
02:15 Scout Tower
02:17 Scout Tower
02:18 Scout Tower
02:51 Farm
03:37 Scout Tower
03:38 Scout Tower
03:39 Scout Tower
03:40 Scout Tower
03:41 Scout Tower
03:43 Scout Tower
03:43 Scout Tower
03:52 Scout Tower
03:54 Scout Tower
03:55 Scout Tower
03:56 Scout Tower
04:14 Guard Tower
04:14 Guard Tower
04:29 Guard Tower
04:30 Guard Tower
04:38 Guard Tower
04:38 Guard Tower
05:01 Keep
05:02 Keep
05:02 Keep
05:39 Scout Tower
05:58 Scout Tower
06:01 Guard Tower
06:02 Guard Tower
06:02 Guard Tower
06:04 Scout Tower
06:23 Scout Tower
06:24 Scout Tower
06:25 Scout Tower
06:27 Guard Tower
06:44 Scout Tower
06:45 Scout Tower
06:45 Scout Tower
06:46 Scout Tower
06:55 Guard Tower
07:46 Guard Tower
07:46 Guard Tower
07:48 Scout Tower
07:49 Scout Tower
07:49 Scout Tower
07:51 Scout Tower
07:53 Scout Tower
07:53 Scout Tower
07:55 Scout Tower
07:56 Scout Tower
07:57 Scout Tower
08:39 Guard Tower
08:39 Guard Tower
08:39 Guard Tower
08:40 Guard Tower
08:47 Lumber Mill
09:17 Scout Tower
09:18 Scout Tower
09:19 Scout Tower
09:20 Scout Tower
09:21 Scout Tower
09:23 Scout Tower
09:24 Scout Tower
09:53 Guard Tower
09:53 Guard Tower
09:54 Guard Tower
10:16 Guard Tower
10:16 Guard Tower
10:24 Guard Tower
10:56 Guard Tower
11:04 Guard Tower
11:04 Guard Tower
11:56 Guard Tower
11:57 Guard Tower
11:57 Guard Tower
11:58 Guard Tower
12:00 Scout Tower
12:01 Guard Tower
12:12 Arcane Vault
12:19 Scout Tower
13:41 Farm
13:57 Town Hall
14:07 Castle
14:40 Farm
15:55 Scout Tower
15:56 Scout Tower
15:57 Scout Tower
15:58 Scout Tower
15:58 Scout Tower
16:56 Gryphon Aviary
16:57 Gryphon Aviary
17:27 Guard Tower
17:27 Guard Tower
17:28 Guard Tower
17:58 Guard Tower
18:08 Farm
19:49 Scout Tower
19:53 Scout Tower
19:54 Scout Tower
20:40 Guard Tower
21:33 Guard Tower
21:34 Guard Tower
21:35 Scout Tower
21:36 Scout Tower
21:37 Scout Tower
22:33 Guard Tower
22:33 Guard Tower
22:36 Gryphon Aviary
23:18 Guard Tower
23:37 Scout Tower
24:10 Guard Tower
26:18 Blacksmith
26:19 Blacksmith
29:01 Arcane Sanctum
30:20 Scout Tower
30:55 Scout Tower
30:58 Scout Tower
31:01 Scout Tower
31:03 Scout Tower
31:05 Scout Tower
31:10 Scout Tower
31:12 Guard Tower
32:01 Farm
32:02 Farm
32:02 Farm
32:04 Farm
33:22 Scout Tower
37:56 Scout Tower
37:57 Scout Tower
37:59 Scout Tower
38:02 Scout Tower
38:26 Guard Tower
38:28 Guard Tower
38:28 Guard Tower
38:30 Guard Tower
38:30 Guard Tower
38:31 Scout Tower
38:33 Scout Tower
38:34 Scout Tower
38:42 Scout Tower
38:44 Scout Tower
39:29 Guard Tower
39:30 Guard Tower
44:19 Workshop
66:53 Altar of Kings
66:55 Altar of Kings
75:49 Keep
75:53 Scout Tower
78:11 Lumber Mill
78:14 Castle
79:14 Gryphon Aviary
82:03 Arcane Vault
87:08 Farm
87:13 Farm
88:42 Town Hall
92:19 Keep
94:41 Arcane Sanctum
121:41 Barracks
123:41 Blacksmith
127:22 Workshop
» items
                
                | Staff of Sanctuary | 2 |  | 
| Orb of Fire | 1 |  | 
| Scroll of Town Portal | 2 |  | 
                5 total
  
               team 2 (loser) 
              
              
» 
Vizonic (
yellow | 24 APM | 5958 actions | 247:20)
              
 8 Demon Hunter 
 3 Immolation
 3 Evasion
 1 Metamorphosis
 1 Mana Burn
 7 Keeper of the Grove 
 3 Thorns Aura
 2 Entangling Roots
 1 Tranquility
 1 Force of Nature
 
                » actions 
                
                | Assign group hotkey | 13 |  | 
| Basic commands | 310 |  | 
| Build / train | 183 |  | 
| Enter build submenu | 40 |  | 
| Enter hero's abilities submenu | 15 |  | 
| Give item / drop item | 8 |  | 
| Right click | 3655 |  | 
| Select / deselect | 1320 |  | 
| Select group hotkey | 56 |  | 
| Use ability | 358 |  | 
                5958 total
 » units 
                
                | Wisp | 27 |  | 
| Archer | 12 |  | 
| Huntress | 6 |  | 
| Dryad | 26 |  | 
| Forest Troll Shadow Priest | 1 |  | 
| Hippogryph | 37 |  | 
| Druid of the Claw | 5 |  | 
| Chimaera | 17 |  | 
| Faerie Dragon | 9 |  | 
| Goblin Zeppelin | 2 |  | 
| Glaive Thrower | 2 |  | 
                144 total
 » upgrades
                
                | Strength of the Moon | 1 |  | 
| Druid of the Claw Training | 2 |  | 
| Sentinel | 1 |  | 
| Hippogryph Taming | 1 |  | 
| Corrosive Breath | 1 |  | 
| Improved Bows | 1 |  | 
| Marksmanship | 1 |  | 
| Strength of the Wild | 3 |  | 
| Reinforced Hides | 3 |  | 
| Upgrade Moon Glaive | 1 |  | 
| Abolish Magic | 1 |  | 
| Moon Armor | 1 |  | 
| Well Spring | 1 |  | 
                18 total
 » buildings
                
                | Altar of Elders | 1 |  | 
| Moon Well | 15 |  | 
| Ancient of War | 1 |  | 
| Ancient of Wonders | 1 |  | 
| Tree of Ages | 1 |  | 
| Hunter's Hall | 1 |  | 
| Ancient of Lore | 1 |  | 
| Ancient of Wind | 1 |  | 
| Tree of Eternity | 1 |  | 
| Tree of Life | 4 |  | 
| Chimaera Roost | 1 |  | 
| Ancient Protector | 8 |  | 
                36 total
 » build order
                00:16 Altar of Elders
00:21 Moon Well
01:18 Ancient of War
01:30 Ancient of Wonders
01:47 Moon Well
02:54 Tree of Ages
03:34 Moon Well
03:51 Hunter's Hall
04:31 Moon Well
05:41 Ancient of Lore
09:08 Moon Well
09:57 Ancient of Wind
09:59 Tree of Eternity
11:47 Tree of Life
12:30 Chimaera Roost
16:52 Tree of Life
17:42 Moon Well
19:22 Moon Well
20:53 Moon Well
24:21 Ancient Protector
30:55 Tree of Life
38:18 Ancient Protector
38:31 Ancient Protector
40:53 Ancient Protector
40:58 Ancient Protector
42:59 Ancient Protector
43:05 Ancient Protector
43:50 Ancient Protector
44:47 Moon Well
44:53 Moon Well
44:57 Moon Well
45:03 Moon Well
48:35 Moon Well
49:51 Moon Well
59:07 Tree of Life
61:56 Moon Well
» items
                
                | Orb of Venom | 1 |  | 
| Staff of Preservation | 1 |  | 
                2 total
  
                Chat log
          
(85:42 / All) hetchjay: oops staff of sanctuary doesntw ork on yourself
(85:58 / All) hetchjay: who knew
(96:03 / All) Vizonic: so you have a talent that lets you one shot someone every 15 sec
(96:16 / All) hetchjay: not that fast
(96:18 / All) hetchjay: but yeah
(97:11 / All) Vizonic: what a load of shit
(97:46 / All) hetchjay: we humans have faced many enemies
(97:51 / All) hetchjay: so we hav had to adapt
(97:58 / All) Vizonic: you are a super fag
(109:16 / All) Vizonic: is this what you do everytime 
(109:22 / All) hetchjay: no neevr done this before
(109:25 / All) Vizonic: i bet ppl hate playine you
(109:31 / All) Vizonic: you suck and tower
(109:39 / All) Vizonic: your probably gay
(109:41 / All) hetchjay: i only built like 66 towers
(109:43 / All) hetchjay: thats hardly anything
(109:50 / All) hetchjay: there are countries with literally thousands of towers
(109:52 / All) hetchjay: e.g. france
(109:54 / All) Vizonic: once again a noob move
(110:02 / All) hetchjay: france is hardly "noob"
(110:05 / All) hetchjay: they have existed for centuries
(110:09 / All) Vizonic: france sucks
(110:13 / All) hetchjay: sure
(110:15 / All) Vizonic: bunch of panzies
(110:15 / All) hetchjay: but that isn't the poijnt
(111:21 / All) hetchjay: i only have 15,000 gold left
(111:26 / All) hetchjay: how about you
(111:36 / All) Vizonic: if you did you would of won by now lol
(111:47 / All) Vizonic: but lie its cool
(112:25 / All) hetchjay: im imrpessed with your staying power
(113:33 / All) hetchjay: so what do you do irl?
(113:35 / All) hetchjay: plumbing?
(113:36 / All) hetchjay: handiwork?
(113:43 / All) Vizonic: Loans
(113:44 / All) hetchjay: nice
(113:56 / All) Vizonic: you?
(113:59 / All) hetchjay: grad student
(114:07 / All) Vizonic: where from
(114:11 / All) hetchjay: california
(114:38 / All) Vizonic: im in Saint George
(114:41 / All) Vizonic: by Vegas
(114:48 / All) hetchjay: i went to death valley a few months ago
(114:57 / All) Vizonic: ya on the way
(115:18 / All) hetchjay: it was pretty awesome
(116:47 / All) hetchjay: honestly i've only ever played this 10 or so times. there's a website called highper.ch where people do weird shit
(116:53 / All) hetchjay: and i learned about the alchemist and decided to try him out
(117:08 / All) Vizonic: ya its a paing in the but
(117:15 / All) hetchjay: he is a beast
(117:24 / All) hetchjay: seriously. 
(117:36 / All) hetchjay: he's got heal, speed up, and one shot
(117:38 / All) Vizonic: that one shot skill is ip
(117:43 / All) hetchjay: basically the most annoying possible skill set
(117:50 / All) Vizonic: ya
(120:48 / All) hetchjay: so how many hours do you think this will take?
(120:59 / All) Vizonic: really up to you
(122:31 / All) Vizonic: do you have a gold hack
(122:35 / All) Vizonic: you should be out
(122:38 / All) hetchjay: nope
(122:40 / All) hetchjay: you can watch the replay
(124:04 / All) Vizonic: i am so sunburn 
(124:07 / All) Vizonic: it sucks
(124:17 / All) hetchjay: how'd you get sunburned?
(124:29 / All) Vizonic: have you seen the strat with UD  alcolytes
(124:32 / All) hetchjay: nope
(124:33 / All) hetchjay: what is it?
(124:35 / All) Vizonic: boating thursday
(124:43 / All) hetchjay: sounds like a good strat
(124:47 / All) hetchjay: though i figured the UD would be afraid of water
(124:56 / All) Vizonic: you get like a million alcolyte and deathnight and attack and tower
(126:28 / All) hetchjay: that was close
(126:36 / All) Vizonic: good thing you had a tp
(126:38 / All) hetchjay: yeah
(129:15 / All) hetchjay: seriously you have to be the most patient person on this earth
(129:36 / All) Vizonic: you will make a mistake
(137:11 / All) Vizonic: can he go invis
(137:18 / All) hetchjay: not on his own
(137:27 / All) hetchjay: that would be way too insane
(137:29 / All) Vizonic: your sourcer
(137:35 / All) Vizonic: ya i was wondering 
(137:39 / All) Vizonic: lol
(137:45 / All) Vizonic: never really played him
(137:49 / All) hetchjay: yeah this is my first time
(149:57 / All) hetchjay: oops wrong hotkey
(169:04 / All) hetchjay: now that is awesome
(169:14 / All) Vizonic: the trees
(169:17 / All) hetchjay: yeah
(210:18 / All) hetchjay: ha
(210:20 / All) hetchjay: you learn something everyday
(210:27 / All) Vizonic: yep
(247:15 / All) Vizonic: gg